AoeStats
← tavoo

Arabia

507919350Analyzed
1v1 RM · 13d ago on Sep 20, 2026· 26m 47s· 2 players
Game mode
Random Map
Map size
Tiny (2 player)
Population
200
Speed
Normal
Resources
Standard
Victory
Conquest
Starting age
Dark Age
Ending age
Imperial Age
RankedLock teamsTeams togetherTeam positionsShared explorationLock speedFull tech treeHidden civsTurbo modeCheats
Victory
Defeat
🇧🇬 Franks · Bulgaria
1405
+14
🇲🇽 Magyars · Mexico
1360
-14
IYI_cptn
8:59 Feudal Age
8:42 Loom
9:31 Double-Bit Axe
16:07 Forging
17:33 Scale Barding Armor
23:03 Castle Age
23:59 Wheelbarrow
23:07 Light Cavalry
23:51 Husbandry
24:29 Iron Casting
24:20 Bow Saw
tavoo
9:43 Feudal Age
10:03 Loom
10:12 Double-Bit Axe
14:38 Fletching
23:47 Castle Age
22:01 Horse Collar
22:56 Bloodlines
23:24 Padded Archer Armor
24:00 Scale Mail Armor
Connection lost

Rejoining the realm…

Still unreachable

The connection could not be restored.

Session expired

The server has moved on; the page needs a fresh start.